 Dungeon Crawl Stone Soup version 0.31.0-11-ge490571c62 (webtiles) character file.

Game seed: 18415093079984809781

22 browni3141 the Conjurer (level 2, 0/19 HPs)
             Began as a Demonspawn Conjurer on Jan 30, 2024.
             Slain by a jackal (1 damage)
             ... on level 1 of the Dungeon.
             The game lasted 00:00:34 (590 turns).

browni3141 the Conjurer (Demonspawn Conjurer)        Turns: 590, Time: 00:00:34

Health: 0/19       AC:  3    Str:  7    XL:     2   Next: 68%
Magic:  1/5        EV: 12    Int: 18    God:
Gold:   12         SH:  0    Dex: 11    Spells: 4/5 levels left

rFire   . . .        (no weapon)
rCold   . . .        (no shield)
rNeg    . . .        a - +0 robe
rPois   .            (no helmet)
rElec   .            (no cloak)
rCorr   .            (no gloves)
SInv    .            (no boots)
Will    .....        (no amulet)
Stlth   ++           (no ring)
HPRegen 0.23/turn    (no ring)
MPRegen 0.09/turn

%: no passive effects
@: no status effects
A: rugged brown scales 1
a: no special abilities


You were on level 1 of the Dungeon.
You visited 1 branch of the dungeon, and saw 1 of its levels.

You collected 12 gold pieces.

Inventory:

Armour
 a - a +0 robe (worn)
Scrolls
 d - a scroll of noise {unknown}
 e - a scroll of blinking {unknown}
Potions
 b - a potion of magic
 c - a potion of haste {unknown}


   Skills:
 + Level 2.1 Dodging
 + Level 2.1 Stealth
 + Level 2.3 Spellcasting
 + Level 4.2 Conjurations


You had 4 spell levels left.
You knew the following spells:

 Your Spells              Type           Power      Damage    Failure   Level
a - Magic Dart            Conj           68%        1d6       3%          1

Your spell library contained the following spells:

 Spells                   Type           Power      Damage    Failure   Level
 Searing Ray              Conj           34%        2d5       4%          2
 Fulminant Prism          Conj/Alch      4%         3d5       58%         4
 Iskenderun's Mystic Bla  Conj/Tloc      9%         2d4       58%         4


Dungeon Overview and Level Annotations

Branches:
Dungeon (1/15)

Altars:


Innate Abilities, Weirdness & Mutations

You are partially covered in rugged brown scales. (AC +1, +3% HP)


Message History

No target in view!
A hobgoblin comes into view.
A hobgoblin is nearby!
A hobgoblin is nearby!
A hobgoblin is nearby!
The magic dart hits the hobgoblin.
The hobgoblin is heavily wounded.
The hobgoblin shouts!
The magic dart hits the hobgoblin.
You kill the hobgoblin!
You can't see any susceptible monsters within range! (Use Z to cast anyway.)
You can't see any susceptible monsters within range! (Use Z to cast anyway.)
You see here a hobgoblin corpse.
e - a scroll labelled YHEFREP BIARCH A frilled lizard comes into view.
A frilled lizard is nearby!
The magic dart hits the frilled lizard.
You kill the frilled lizard!
You can't see any susceptible monsters within range! (Use Z to cast anyway.)
You can't see any susceptible monsters within range! (Use Z to cast anyway.)
You can't see any susceptible monsters within range! (Use Z to cast anyway.)
A hobgoblin comes into view.
A hobgoblin is nearby!
A hobgoblin is nearby!
A hobgoblin is nearby!
The magic dart hits the hobgoblin but does no damage.
The hobgoblin shouts!
You hear a shout!
The magic dart hits the hobgoblin.
The hobgoblin is heavily wounded.
The magic dart hits the hobgoblin.
You kill the hobgoblin!
A ball python comes into view.
A ball python is nearby!
A ball python is nearby!
The magic dart hits the ball python.
You kill the ball python!
You can't see any susceptible monsters within range! (Use Z to cast anyway.)
You can't see any susceptible monsters within range! (Use Z to cast anyway.)
A jackal comes into view.
A jackal is nearby!
A jackal is nearby!
The magic dart hits the jackal.
The jackal is severely wounded.
The jackal barks!
A jackal comes into view.
The magic dart hits the jackal.
You kill the jackal!
The jackal barks!
A jackal comes into view.
You are out of magic!
There are monsters nearby!
You barely miss the jackal.
The jackal bites you but does no damage.
There are monsters nearby!
You closely miss the jackal. The jackal completely misses you.
The jackal misses you.
The jackal barks!
You hit the jackal but do no damage.
You hear a shout!
You hear a bark!
The jackal bites you.
A jackal comes into view.
A goblin comes into view. It is wielding a +0 club.
You hit the jackal but do no damage. The jackal closely misses you. x2
You closely miss the jackal. The jackal closely misses you.
The jackal bites you but does no damage.
The jackal bites you. x2
You closely miss the jackal. The jackal closely misses you.
The jackal bites you but does no damage.
You closely miss the jackal. The jackal barely misses you.
The jackal completely misses you. The jackal misses you.
The jackal barely misses you.
You hit the jackal but do no damage. The jackal barely misses you.
The jackal bites you but does no damage.
You hit the jackal but do no damage. The jackal closely misses you.
The jackal barely misses you.
You closely miss the jackal. The jackal bites you.
The jackal bites you but does no damage. x2
The jackal bites you.
You hit the jackal.
The jackal is heavily wounded.
The jackal bites you but does no damage.
The jackal barely misses you.
You closely miss the jackal. The jackal barely misses you. x2
The jackal closely misses you. The jackal misses you.
You hit the jackal but do no damage.
The jackal is heavily wounded.
The jackal bites you. x2
You closely miss the jackal. The jackal barely misses you.
The jackal bites you.
You barely miss the jackal.
The jackal is heavily wounded.
The jackal closely misses you.
The jackal bites you but does no damage.
The jackal closely misses you. The jackal bites you.
You hit the jackal but do no damage. The jackal barely misses you.
The jackal bites you.
You closely miss the jackal.
The jackal is heavily wounded.
The jackal bites you. The jackal barely misses you. The jackal bites you.
You die...

## ##. †.#####
.gh.. #hh#
#.####@#
#.....##
########.## #
#.........#...#
#.#####....#
#.# #..### #.#
###..# #.#
#....# #.#
#.#..#


You could see 3 jackals and a goblin.

Vanquished Creatures
  A dart slug (D:1)
  2 endoplasms (D:1)
  A giant cockroach (D:1)
  2 hobgoblins (D:1)
  3 jackals (D:1)
  5 ball pythons (D:1)
  2 frilled lizards (D:1)
  A kobold (D:1)
  2 rats (D:1)
19 creatures vanquished.

Notes
Turn   | Place    | Note
-------+----------+-------------------------------------------
     0 | D:1      | browni3141 the Demonspawn Conjurer began the quest for the
                  | Orb.
     0 | D:1      | Reached XP level 1. HP: 13/13 MP: 3/3
   224 | D:1      | Gained mutation: You are partially covered in rugged brown
                  | scales. (AC +1, +3% HP) [demonic ancestry]
   224 | D:1      | Reached XP level 2. HP: 9/19 MP: 0/5
   590 | D:1      | Slain by a jackal

Illustrated notes

Levels and vault maps discovered:
D:1:      dpeg_arrival_prison, layout_loops_ring

Skill      XL: |  1 |
---------------+----+-----
Stealth        | 2 |  2.1
Dodging        | 2 |  2.1
Spellcasting   | |  2.3
Conjurations   | |  4.2

Action                     || total
---------------------------++-------
  Melee: Unarmed           ||    28
   Cast: Magic Dart        ||    33
 Armour: Robe              ||    22
  Dodge: Dodged            ||    31
